Map: Chantier naval orbital

Players

AgCl - Winner!

  • Race: Protoss Protoss
  • League: Silver

MECHANICS

  • Race: Terran Terran
  • League: Silver

VOD

Have the link to the VOD?

Description

Time

  • Played on: July 17, 2015, 5:31 p.m.
  • Length: 15:54
Show
View Real Time Build Order
Export as new Build Order

AgCl Protoss - Winner!

Build Orders: Oracle Opening, Carrier Rush 

Get SALT Encoding   

  12  0:12  Pylon  
  12  0:14  Probe  
  14  0:31  Assimilator  
  13  0:37  Probe  
  13  0:39  Gateway  
  14  0:49  Probe (Chrono Boost)  
  15  0:57  Pylon  
  15  1:01  Probe (Chrono Boost)  
  16  1:10  Probe (Chrono Boost)  
  17  1:15  Assimilator  
  17  1:18  Probe  
  18  1:26  Zealot (Chrono Boost)  
  18  1:32  Cybernetics Core, Probe (Chrono Boost)  
  21  1:44  Probe (Chrono Boost)  
  22  1:50  Probe (Chrono Boost)  
  23  2:01  Probe (Chrono Boost)  
  24  2:09  Stargate  
  24  2:14  Probe (Chrono Boost), Warp Gate  
  25  2:21  Pylon  
  26  2:22  Probe (Chrono Boost)  
  26  2:31  Mothership Core  
  28  2:46  Nexus  
  28  2:54  Oracle (Chrono Boost)  
  28  2:58  Probe  
  32  3:09  Pylon  
  32  3:10  Probe  
  33  3:22  Probe  
  34  3:32  Fleet Beacon  
  34  3:34  Probe (Chrono Boost)  
  35  3:45  Probe (Chrono Boost)  
  36  3:51  Probe (Chrono Boost)  
  37  3:56  Carrier (Chrono Boost)  
  37  4:03  Probe (Chrono Boost)  
  36  4:14  Probe (Chrono Boost)  
  36  4:15  Probe (Chrono Boost), Forge  
  37  4:22  Probe (Chrono Boost), Assimilator  
  37  4:23  Probe (Chrono Boost)  
  45  4:33  Probe (Chrono Boost)  
  45  4:35  Assimilator  
  47  4:39  Probe (Chrono Boost)  
  47  4:43  Graviton Catapult  
  47  4:45  Probe (Chrono Boost)  
  48  4:49  Photon Cannon  
  48  4:51  Probe x2 (Chrono Boost)  
  51  5:00  Photon Cannon  
  51  5:02  Probe (Chrono Boost)  
  51  5:05  Probe (Chrono Boost)  
  51  5:06  Protoss Air Weapons Level 1  
  52  5:08  Probe (Chrono Boost)  
  52  5:11  Probe  
  48  5:15  Adept  
  48  5:19  Probe  
  45  5:23  Probe (Chrono Boost)  
  46  5:31  Carrier (Chrono Boost)  
  48  5:36  Probe x2 (Chrono Boost)  
  46  5:45  Probe x2 (Chrono Boost)  
  55  5:57  Probe (Chrono Boost)  
  55  6:00  Probe (Chrono Boost)  
  56  6:06  Probe (Chrono Boost), Robotics Facility  
  58  6:16  Probe x2 (Chrono Boost)  
  59  6:27  Probe  
  60  6:36  Nexus  
  60  6:39  Probe  
  60  6:40  Probe  
  58  6:51  Probe  
  59  7:17  Carrier (Chrono Boost)  
  59  7:22  Observer, Pylon  
  60  7:29  Pylon  
  55  7:43  Observer  
  59  7:58  Stargate  
  59  8:02  Gateway  
  59  8:03  Gateway  
  59  8:04  Pylon  
  62  8:06  Probe (Chrono Boost)  
  62  8:07  Probe x2 (Chrono Boost)  
  62  8:08  Gateway  
  62  8:12  Photon Cannon  
  62  8:14  Probe (Chrono Boost)  
  63  8:21  Carrier (Chrono Boost)  
  63  8:22  Carrier (Chrono Boost)  
  66  9:24  Observer (Chrono Boost)  
  66  9:25  Carrier (Chrono Boost)  
  67  9:39  Warp Prism (Chrono Boost)  
  67  9:40  Oracle (Chrono Boost)  
  67  9:43  Protoss Air Weapons Level 2  
  78  9:59  Probe, Protoss Ground Weapons Level 1 (Chrono Boost)  
  79  10:03  Assimilator  
  79  10:06  Pylon  
  79  10:08  Assimilator  
  79  10:22  Probe  
  79  10:23  Probe  
  79  10:25  Pylon  
  81  10:28  Stargate  
  81  10:32  Probe  
  81  10:33  Twilight Council  
  82  10:36  Gateway, Pylon, Probe  
  82  10:37  Gateway  
  82  10:38  Pylon, Photon Cannon  
  82  10:41  Probe  
  84  10:49  Adept x2  
  88  11:09  Pylon  
  88  11:23  Adept x2  
  88  11:24  Adept  
  89  11:33  Nexus  
  89  11:35  Carrier (Chrono Boost)  
  87  11:40  Adept x2  
  87  11:44  Adept  
  99  12:03  Templar Archives  
  99  12:21  Probe (Chrono Boost)  
  101  12:24  Probe x2 (Chrono Boost)  
  102  12:32  Probe (Chrono Boost)  
  102  12:34  Probe (Chrono Boost)  
  102  12:36  Probe (Chrono Boost)  
  105  12:37  Shield Upgrade, Assimilator  
  105  12:38  Probe (Chrono Boost), Photon Cannon  
  107  12:44  Probe x2 (Chrono Boost)  
  107  12:49  Probe (Chrono Boost)  
  110  12:51  Probe (Chrono Boost)  
  110  12:56  Probe (Chrono Boost)  
  110  12:57  Probe (Chrono Boost)  
  112  13:05  Protoss Air Weapons Level 3 (Chrono Boost)  
  112  13:07  Pylon  
  112  13:11  Psionic Storm  
  112  13:25  Assimilator  
  114  13:28  Probe (Chrono Boost)  
  114  13:30  Probe (Chrono Boost)  
  114  13:31  Probe (Chrono Boost)  
  116  13:34  Probe (Chrono Boost)  
  117  13:42  Probe (Chrono Boost)  
  117  13:44  Pylon, Robotics Bay  
  117  13:46  Probe (Chrono Boost)  
  118  13:49  Gateway  
  118  13:52  Pylon  
  118  13:53  Probe  
  118  13:55  Carrier (Chrono Boost)  
  119  13:57  Probe  
  119  14:01  High Templar x3  
  126  14:03  High Templar  
  134  14:22  Pylon  
  134  14:25  Pylon  
  134  14:30  Dark Shrine  
  134  14:33  Adept  
  134  14:34  Observer Gravitic Boosters (Chrono Boost)  
  134  14:37  Adept  
  138  14:40  Adept  
  140  14:52  Gateway  
  140  14:55  Gateway  
  142  15:16  Gateway  
  142  15:36  Nexus  
  142  15:39  Pylon  
  138  15:46  Pylon  
Show
View Real Time Build Order
Export as new Build Order

MECHANICS Terran 

Build Orders:  

Get SALT Encoding   

  12  0:01  SCV  
  13  0:13  SCV  
  14  0:19  Supply Depot  
  14  0:25  SCV  
  15  0:30  Refinery  
  15  0:40  SCV  
  16  0:45  Barracks  
  16  0:53  SCV  
  17  1:05  SCV  
  18  1:17  SCV  
  19  1:26  Supply Depot  
  19  1:32  Orbital Command  
  19  1:33  Marine  
  19  1:38  Factory  
  20  1:51  Marine  
  21  2:01  SCV  
  21  2:07  Engineering Bay  
  22  2:13  SCV  
  23  2:18  Barracks Reactor  
  23  2:20  Supply Depot  
  23  2:24  Hellion  
  23  2:25  SCV  
  26  2:45  Refinery  
  26  2:47  SCV, Widow Mine  
  26  2:48  Missile Turret  
  29  3:02  Command Center  
  29  3:20  SCV  
  29  3:26  Hellion x2  
  34  3:30  Factory  
  34  3:32  Supply Depot, SCV  
  35  3:36  Barracks Tech Lab  
  35  3:45  SCV  
  36  4:00  Hellion x2  
  38  4:21  Starport, Orbital Command  
  38  4:30  Refinery  
  38  4:31  Hellion  
  43  4:34  Cyclone  
  43  4:43  SCV  
  44  4:46  Factory  
  44  4:47  SCV, Barracks Tech Lab  
  45  4:53  Refinery  
  45  4:55  SCV  
  47  5:00  SCV  
  47  5:06  Cyclone  
  50  5:07  SCV  
  49  5:17  Viking  
  49  5:20  Widow Mine x2  
  51  5:30  Starport  
  51  5:34  Starport  
  47  5:44  SCV x2  
  49  5:56  SCV  
  49  5:57  SCV  
  51  6:03  Hellion  
  51  6:04  Hellion x2, Viking  
  55  6:08  SCV  
  55  6:09  SCV  
  61  6:21  SCV  
  62  6:34  Liberator  
  60  6:40  Viking  
  60  6:41  SCV x2  
  60  6:46  Viking  
  62  7:00  SCV  
  60  7:08  Widow Mine  
  60  7:13  Viking  
  62  7:22  Viking  
  62  7:24  Widow Mine  
  61  7:36  Viking  
  61  7:37  Widow Mine  
  52  7:52  Widow Mine  
  52  7:58  Viking x2  
  53  8:04  Starport  
  54  8:20  Starport  
  54  8:30  Factory  
  54  8:34  Viking  
  54  8:39  Viking  
  54  8:41  Viking  
  54  8:42  Widow Mine  
  49  9:04  Viking  
  49  9:08  Viking  
  49  9:11  Viking  
  49  9:12  Hellion  
  47  9:27  Missile Turret  
  47  9:30  Missile Turret  
  47  9:31  Missile Turret  
  47  9:33  Hellion  
  47  9:34  Viking  
  47  9:35  Missile Turret x2  
  47  9:38  Viking, Missile Turret  
  51  9:45  Viking  
  43  9:55  Hellion  
  43  9:56  Missile Turret  
  44  10:15  Widow Mine  
  45  10:23  SCV  
  46  10:30  Command Center  
  46  10:31  Viking  
  48  10:41  SCV x2  
  50  10:53  SCV x2  
  52  11:01  Missile Turret  
  52  11:02  Missile Turret  
  54  11:04  Hellion  
  54  11:12  Supply Depot  
  54  11:13  Hellion  
  58  11:25  Hellion  
  58  11:37  Supply Depot  
  58  11:38  Supply Depot  
  58  11:53  Viking x4  
  66  12:06  Orbital Command  
  66  12:10  Widow Mine  
  68  12:34  Viking x2  
  72  12:39  Orbital Command  
  72  12:49  SCV  
  73  12:54  Missile Turret x2  
  73  12:55  SCV  
  74  13:05  Liberator  
  74  13:06  Viking  
  74  13:09  Liberator  
  76  13:13  SCV x3  
  76  13:15  Missile Turret  
  79  13:25  SCV  
  86  13:35  SCV x2  
  86  13:37  SCV  
  89  13:43  Refinery  
  89  13:49  Supply Depot  
  89  13:50  Supply Depot  
  89  13:55  Liberator  
  89  13:56  Liberator x3  
  89  14:09  Factory Tech Lab  
  89  14:10  Factory Tech Lab  
  101  14:20  Armory  
  101  14:22  Armory  
  101  14:23  Refinery  
  101  14:38  Liberator  
  104  15:01  SCV x3  
Tags
 
Add a new tag
Caveats
  • Supply blocks, unpowered buildings, or Contaminate may cause inaccurate times.
  • Supply counts are checked every 10 seconds.